Map: Heavy Artillery LE

Players

Nigrnog

  • Race: Zerg Zerg
  • League: Gold
  • Spawn Location: 7:00

MooEsqoo

  • Race: Protoss Protoss
  • Spawn Location: 7:00

LeMax - Winner!

  • Race: Terran Terran
  • Spawn Location: 3:00

kordez - Winner!

  • Race: Protoss Protoss
  • League: Platinum
  • Spawn Location: 1:00

VOD

Have the link to the VOD?

Description

Time

  • Played on: Feb. 6, 2020, 4:20 a.m.
  • Length: 14:59
Show
View Real Time Build Order
Export as new Build Order

Nigrnog Zerg 

Build Orders: 3 Hatch before Pool 

Get SALT Encoding   

  12  0:01  Drone  
  13  0:08  Drone  
  14  0:16  Overlord  
  14  0:28  Extractor  
  13  0:33  Drone  
  13  0:34  Drone x2  
  16  0:44  Drone  
  17  0:55  Drone  
  18  1:06  Drone  
  18  1:08  Hatchery  
  18  1:16  Drone  
  19  1:31  Drone  
  20  1:46  Hatchery, Drone  
  20  1:52  Spawning Pool  
  19  1:56  Drone  
  20  2:11  Overlord  
  20  2:15  Drone  
  21  2:21  Drone  
  22  2:24  Drone  
  23  2:31  Drone  
  23  2:32  Drone  
  25  2:48  Baneling Nest  
  25  2:49  Overlord  
  24  2:56  Queen  
  26  3:04  Queen  
  28  3:14  Hatchery  
  28  3:19  Drone x4  
  32  3:20  Drone x2  
  32  3:26  Overlord  
  33  3:36  Drone x2  
  33  3:39  Queen  
  37  3:45  Drone  
  38  3:49  Drone x3  
  38  3:51  Overlord  
  41  3:56  Spore Crawler  
  41  3:57  Extractor  
  41  3:59  Spore Crawler  
  41  4:01  Zergling x2  
  39  4:04  Spore Crawler  
  39  4:08  Spore Crawler  
  37  4:12  Spore Crawler  
  37  4:14  Spore Crawler  
  35  4:19  Zergling x4  
  37  4:32  Lair  
  37  4:34  Queen  
  39  4:45  Spore Crawler  
  38  4:49  Drone x4  
  38  4:50  Spore Crawler  
  41  4:54  Spore Crawler  
  41  4:57  Spore Crawler  
  39  5:04  Spore Crawler  
  39  5:05  Drone  
  39  5:06  Drone  
  40  5:09  Drone  
  40  5:14  Drone x2  
  43  5:19  Drone x2  
  43  5:21  Drone  
  46  5:25  Drone x2  
  46  5:28  Drone  
  49  5:35  Drone x4  
  52  5:39  Drone  
  52  5:40  Drone  
  52  5:42  Drone  
  56  5:43  Drone  
  56  5:44  Drone  
  56  5:46  Drone  
  56  5:47  Drone  
  56  5:49  Drone  
  61  5:50  Drone  
  61  5:52  Drone  
  61  5:54  Drone x2  
  65  6:02  Spire  
  64  6:04  Extractor  
  64  6:06  Extractor  
  64  6:08  Drone x3  
  64  6:09  Overlord  
  64  6:10  Overlord  
  65  6:18  Extractor  
  64  6:20  Extractor  
  64  6:22  Drone x6  
  64  6:23  Drone  
  70  6:43  Spire  
  69  6:50  Spore Crawler  
  69  6:51  Spore Crawler  
  67  6:54  Spore Crawler  
  67  6:55  Spore Crawler  
  67  6:57  Spore Crawler  
  64  7:02  Spine Crawler  
  62  7:27  Mutalisk x6, Drone x4  
  62  7:28  Mutalisk x3  
  83  7:41  Zerg Flyer Weapons Level 1  
  83  7:48  Extractor  
  83  7:50  Mutalisk x2  
  86  7:51  Extractor  
  86  7:52  Zergling x6  
  86  7:54  Overlord x5  
  86  7:55  Overlord  
  88  8:03  Overlord  
  88  8:04  Overlord x5  
  88  8:14  Zerg Flyer Armor Level 1  
  88  8:15  Mutalisk x2  
  88  8:16  Mutalisk  
  94  8:33  Drone x8  
  94  8:34  Drone  
  103  8:37  Drone x5  
  103  8:38  Drone  
  109  8:42  Drone x4  
  113  8:59  Mutalisk x5  
  113  9:00  Mutalisk x2  
  127  9:03  Mutalisk  
  127  9:06  Mutalisk  
  131  9:18  Mutalisk x3  
  123  9:31  Mutalisk x3  
  127  9:52  Mutalisk x3  
  121  10:14  Mutalisk  
  121  10:15  Mutalisk x3  
  91  10:44  Mutalisk  
  91  10:45  Mutalisk x4  
  101  10:50  Corruptor  
  101  10:54  Zergling x6  
  106  11:05  Hatchery  
  80  11:20  Zergling x16  
  80  11:21  Zergling x4  
  80  11:25  Zergling x2  
  91  11:42  Hatchery  
  90  11:51  Hatchery, Drone x3  
  90  11:52  Drone x3  
  95  11:57  Corruptor x2  
  95  11:58  Corruptor x4  
  107  12:06  Infestation Pit, Zerg Flyer Weapons Level 2  
  107  12:08  Corruptor x4  
  110  12:10  Zergling x2  
  115  12:16  Centrifical Hooks  
  115  12:20  Zergling x6  
  104  12:45  Zergling x6  
  104  12:46  Zergling x14  
  104  12:47  Zergling x2  
  114  12:57  Baneling x7  
  114  12:58  Baneling x9  
  114  12:59  Baneling x7  
  114  13:00  Baneling x5  
  114  13:04  Zergling x4  
  114  13:05  Zergling x14  
  122  13:11  Drone  
  124  13:19  Baneling x6  
  124  13:20  Baneling x7  
  124  13:21  Baneling  
  122  13:33  Mutalisk  
  125  13:34  Zergling x12  
  125  13:35  Zergling x6  
  133  13:44  Baneling x7  
  133  13:45  Baneling x5  
  133  13:47  Zergling x2  
  133  13:48  Zergling x10  
  132  14:14  Mutalisk  
  132  14:15  Mutalisk x4  
Show
View Real Time Build Order
Export as new Build Order

MooEsqoo Protoss 

Build Orders: Blink Stalkers 

Get SALT Encoding   

  12  0:01  Probe  
  13  0:25  Pylon  
  13  0:28  Probe (Chrono Boost), Assimilator  
  14  0:39  Probe (Chrono Boost)  
  15  0:44  Probe (Chrono Boost)  
  15  0:49  Gateway  
  16  0:56  Probe  
  17  1:15  Probe (Chrono Boost)  
  18  1:22  Gateway  
  18  1:23  Assimilator  
  18  1:27  Probe (Chrono Boost)  
  19  1:43  Cybernetics Core  
  19  1:45  Probe  
  20  1:57  Probe  
  20  1:58  Pylon  
  21  2:10  Probe  
  22  2:20  Stalker x2, Gateway  
  22  2:21  Warp Gate  
  26  2:26  Pylon  
  26  2:27  Probe  
  27  2:36  Twilight Council  
  27  2:40  Probe  
  28  2:52  Probe  
  29  3:03  Stalker x2  
  33  3:16  Blink (Chrono Boost)  
  25  4:09  Probe  
  24  4:11  Stalker x3  
  30  4:21  Probe  
  31  4:33  Probe  
  32  5:02  Probe (Chrono Boost), Shield Battery  
  33  5:13  Probe (Chrono Boost)  
  32  5:25  Probe (Chrono Boost)  
  33  5:31  Probe (Chrono Boost)  
  34  5:38  Nexus  
  34  5:41  Assimilator  
  35  5:42  Probe  
  35  5:44  Assimilator  
  35  5:47  Pylon  
  35  5:55  Probe  
  36  6:07  Probe  
  37  6:16  Pylon  
  37  6:17  Shield Battery  
  37  6:19  Shield Battery  
  37  6:29  Nexus  
  37  6:35  Pylon  
  37  6:38  Probe  
  38  6:51  Probe x2  
  40  7:03  Probe x2, Stalker  
  40  7:06  Stalker  
  46  7:15  Probe  
  47  7:23  Templar Archives  
  47  7:27  Forge  
  47  7:30  Probe x2  
  49  7:42  Probe x2  
  51  7:44  Probe  
  52  7:54  Probe x2  
  52  7:56  Probe  
  55  7:58  Protoss Ground Weapons Level 1 (Chrono Boost)  
  55  8:02  Robotics Facility  
  55  8:06  Probe x2  
  55  8:07  Stalker  
  55  8:10  Sentry  
  55  8:11  Sentry  
  63  8:34  Probe  
  63  8:35  Probe x2  
  66  8:46  Probe  
  66  8:47  Probe x2, Immortal (Chrono Boost)  
  73  9:09  Pylon  
  73  9:10  Pylon  
  73  9:17  Assimilator  
  73  9:19  Assimilator  
  73  9:20  Immortal  
  77  9:31  Stalker x3  
  83  9:47  Shield Battery  
  83  9:58  Probe  
  83  9:59  Probe x2  
  86  10:00  Charge  
  86  10:01  Protoss Ground Weapons Level 2 (Chrono Boost)  
  86  10:06  Immortal (Chrono Boost)  
  90  10:10  Probe  
  90  10:11  Probe x2  
  90  10:13  High Templar x2  
  90  10:14  Zealot  
  99  10:17  Archon  
  99  10:39  Pylon, Observer (Chrono Boost)  
  99  10:41  Pylon  
  100  10:43  Pylon  
  100  10:45  Pylon  
  100  10:51  Gateway  
  100  10:53  Gateway  
  100  10:55  Gateway  
  104  10:57  Probe x3, Immortal, Gateway  
  104  10:59  Gateway  
  104  11:03  High Templar  
  104  11:04  High Templar  
  111  11:06  Stalker  
  111  11:07  Archon  
  111  11:09  Probe x2  
  111  11:10  Probe  
  116  11:37  High Templar x2  
  116  11:38  Zealot  
  122  11:41  Archon  
  122  12:02  Probe x3  
  125  12:11  Immortal (Chrono Boost), Pylon  
  125  12:12  Pylon  
  125  12:13  Pylon  
  125  12:14  Probe, Pylon  
  130  12:16  Pylon  
  130  12:22  High Templar x4  
  138  12:23  High Templar  
  134  12:43  Immortal  
  80  13:10  High Templar x2  
  80  13:11  High Templar x2  
  80  13:12  High Templar x3  
  94  13:13  High Templar  
  94  13:15  Archon x4  
  94  13:16  Archon x2  
  96  13:22  Warp Prism  
  75  13:47  Zealot x6  
  75  13:48  Zealot x2  
  81  13:58  Immortal  
  51  14:36  Stalker x4  
  51  14:37  Stalker x2  
Show
View Real Time Build Order
Export as new Build Order

LeMax Terran - Winner!

Build Orders: 1/1/1, Liberator Opening 

Get SALT Encoding   

  12  0:02  SCV  
  13  0:16  Supply Depot  
  13  0:19  SCV  
  14  0:31  SCV  
  14  0:32  Refinery  
  15  0:45  Barracks  
  15  0:47  SCV  
  16  1:01  Supply Depot  
  16  1:05  SCV  
  16  1:11  Refinery  
  17  1:17  SCV  
  18  1:33  SCV  
  19  1:40  Factory  
  19  1:43  Marine  
  19  1:45  SCV  
  21  1:57  SCV  
  22  2:11  SCV  
  22  2:13  Barracks Tech Lab  
  22  2:14  Bunker  
  23  2:23  SCV  
  23  2:26  Factory Reactor, Starport  
  24  2:35  SCV  
  24  2:36  Supply Depot  
  25  2:50  Engineering Bay  
  25  2:51  Barracks Tech Lab  
  25  2:59  SCV  
  26  3:19  Liberator x2  
  32  3:20  Marine  
  33  3:28  Missile Turret  
  33  3:42  Marine  
  34  3:57  Siege Tank  
  37  4:03  Command Center  
  37  4:12  Planetary Fortress  
  31  5:21  Command Center  
  31  5:25  Siege Tank  
  31  5:27  Marine  
  35  5:29  Liberator x2  
  41  5:53  Refinery  
  41  5:54  Planetary Fortress  
  41  5:59  Missile Turret  
  41  6:00  SCV  
  42  6:05  Refinery  
  42  6:12  SCV  
  43  6:25  SCV  
  44  6:38  Planetary Fortress  
  44  6:41  Missile Turret  
  44  6:46  SCV  
  45  6:48  Supply Depot  
  45  6:50  Liberator  
  48  6:58  SCV  
  48  6:59  SCV  
  50  7:29  SCV, Refinery  
  48  7:31  Marine  
  48  7:33  Siege Tank  
  48  7:36  Combat Shield  
  52  7:40  Neosteel Armor  
  52  7:46  SCV x3, Barracks  
  52  7:47  Barracks  
  55  8:01  SCV x3, Missile Turret  
  58  8:06  Medivac  
  58  8:11  Widow Mine  
  62  8:14  Armory  
  62  8:17  Engineering Bay  
  62  8:20  SCV x3  
  65  8:31  Refinery  
  65  8:36  Viking  
  65  8:38  Barracks Reactor  
  65  8:39  Barracks Reactor  
  67  8:44  SCV x3  
  70  8:49  Terran Infantry Weapons Level 1  
  70  8:53  Armory  
  70  8:55  Stimpack  
  70  8:58  SCV, Missile Turret  
  70  9:00  SCV  
  72  9:13  Medivac x2  
  72  9:14  SCV  
  77  9:19  Supply Depot  
  77  9:29  Drilling Claws  
  77  9:33  Missile Turret  
  77  9:37  Missile Turret  
  77  9:41  SCV x3, Missile Turret, Widow Mine  
  77  9:42  Missile Turret  
  78  9:46  Missile Turret  
  78  9:52  Marine  
  72  9:53  SCV, Marine x2  
  73  10:07  Missile Turret  
  73  10:12  Missile Turret  
  67  10:18  Missile Turret  
  67  10:20  Marine x3  
  67  10:21  Marine  
  71  10:23  Missile Turret  
  71  10:36  Marine  
  71  10:37  Widow Mine  
  71  10:39  SCV x2  
  71  10:40  SCV  
  77  10:51  SCV  
  77  10:52  SCV x2  
  80  11:03  Terran Vehicle Weapons Level 1, SCV, Terran Vehicle And Ship Armor Level 1  
  81  11:06  Terran Infantry Armor Level 1, Terran Infantry Weapons Level 2  
  81  11:11  Armory  
  81  11:12  SCV x2  
  81  11:15  SCV  
  84  11:20  Supply Depot  
  84  11:24  SCV  
  84  11:25  Supply Depot  
  85  11:37  Concussive Shells  
  85  11:41  SCV x3, Marine x5  
  85  11:46  Viking x2  
  97  11:53  SCV  
  98  12:03  Command Center  
  98  12:06  SCV x2, Command Center  
  98  12:07  SCV  
  101  12:28  Command Center  
  101  12:31  Marine x2  
  101  12:33  Marine  
  101  12:34  SCV  
  101  12:35  SCV, Marine  
  101  12:36  Marine  
  101  12:39  SCV  
  101  12:48  Terran Ship Weapons Level 1  
  101  13:12  Barracks  
  101  13:14  Barracks  
  101  13:15  SCV x3, Medivac x2, Marine x5, Siege Tank  
  116  13:26  Planetary Fortress x2  
  116  13:27  SCV  
  116  13:32  Marine  
  118  13:35  Marine x3  
  118  13:36  Marine  
  122  13:42  Missile Turret  
  122  13:43  Missile Turret  
  122  13:45  Medivac, Missile Turret  
  122  13:47  Refinery  
  126  13:48  Refinery, Widow Mine  
  126  13:50  Medivac, Marine  
  126  13:53  Marine  
  130  13:56  Missile Turret  
  130  13:57  Planetary Fortress  
  130  14:00  SCV x3  
  133  14:07  Missile Turret  
  133  14:08  SCV x2  
  135  14:12  SCV x2  
  135  14:13  Marine x3  
  135  14:14  Barracks Reactor x2  
  135  14:15  Medivac  
  135  14:16  Marine  
  143  14:17  Refinery  
  143  14:18  Marine  
  144  14:31  Marine x2  
Show
View Real Time Build Order
Export as new Build Order

kordez Protoss - Winner!

Build Orders: Oracle Opening 

Get SALT Encoding   

  12  0:01  Probe  
  13  0:13  Probe  
  14  0:18  Pylon  
  14  0:25  Probe (Chrono Boost)  
  15  0:38  Probe (Chrono Boost), Gateway  
  16  0:43  Probe (Chrono Boost)  
  16  0:48  Assimilator  
  17  0:54  Probe  
  18  1:01  Assimilator  
  18  1:06  Probe  
  19  1:18  Probe  
  20  1:26  Cybernetics Core  
  20  1:29  Pylon  
  20  1:30  Probe  
  21  1:42  Probe  
  22  1:56  Probe  
  23  2:04  Stargate  
  23  2:08  Probe  
  23  2:10  Pylon  
  24  2:16  Warp Gate  
  24  2:24  Gateway  
  24  2:33  Probe  
  25  2:47  Oracle (Chrono Boost), Nexus  
  28  2:56  Probe  
  29  3:02  Pylon  
  29  3:04  Twilight Council  
  29  3:06  Stalker (Chrono Boost)  
  31  3:19  Stalker (Chrono Boost)  
  33  3:28  Probe  
  34  3:36  Oracle  
  37  3:46  Probe  
  38  4:18  Void Ray  
  42  4:32  Probe (Chrono Boost)  
  42  4:33  Probe (Chrono Boost)  
  44  4:42  Probe x2 (Chrono Boost), Assimilator  
  46  4:46  Assimilator  
  46  4:47  Probe x2 (Chrono Boost)  
  45  5:04  Probe x2, Void Ray (Chrono Boost)  
  51  5:16  Probe x2  
  51  5:20  Charge (Chrono Boost)  
  53  5:28  Probe x2  
  55  5:29  Protoss Air Weapons Level 1 (Chrono Boost)  
  55  5:30  Stalker  
  55  5:32  Zealot  
  59  5:38  Pylon  
  59  5:40  Probe x2  
  61  5:55  Void Ray  
  65  5:57  Fleet Beacon  
  65  5:59  Probe x2  
  65  6:03  Pylon  
  67  6:06  Pylon, Zealot  
  69  6:15  Pylon  
  69  6:21  Pylon  
  69  6:22  Pylon  
  69  6:30  Zealot  
  69  6:31  Zealot  
  73  6:38  Void Ray, Stargate  
  77  6:50  Zealot  
  77  6:53  Zealot  
  81  6:54  Probe x2  
  81  6:59  Nexus  
  83  7:02  Pylon  
  83  7:08  Assimilator  
  83  7:12  Probe x2  
  85  7:19  Zealot x2  
  89  7:25  Flux Vanes  
  89  7:38  Void Ray x2  
  97  7:47  Probe x2  
  99  7:51  Pylon  
  99  7:52  Assimilator  
  99  7:53  Protoss Air Weapons Level 2 (Chrono Boost)  
  99  7:59  Probe  
  99  8:00  Probe, Zealot  
  99  8:01  Zealot  
  105  8:05  Gateway  
  105  8:06  Gateway  
  105  8:13  Gateway  
  105  8:14  Gateway  
  105  8:20  Void Ray  
  105  8:21  Void Ray  
  113  8:27  Zealot x2  
  117  8:44  Forge  
  117  8:46  Forge  
  117  8:50  Probe x3  
  120  9:02  Probe  
  121  9:03  Void Ray  
  121  9:04  Void Ray  
  121  9:05  Probe x2  
  131  9:14  Probe  
  129  9:29  Protoss Ground Armor Level 1 (Chrono Boost), Protoss Ground Weapons Level 1 (Chrono Boost)  
  129  9:30  Stalker x6  
  141  9:56  Probe  
  141  9:59  Pylon  
  141  10:01  Pylon  
  141  10:16  Void Ray (Chrono Boost)  
  141  10:17  Probe x2, Void Ray (Chrono Boost)  
  131  10:49  Void Ray (Chrono Boost)  
  131  10:51  Void Ray, Templar Archives  
  131  10:53  Pylon  
  139  10:58  Zealot x4  
  139  10:59  Zealot x2  
  147  11:26  Protoss Ground Weapons Level 2 (Chrono Boost), Protoss Ground Armor Level 2 (Chrono Boost)  
  147  11:36  High Templar x6  
  159  11:40  Archon x3  
  159  11:44  Void Ray  
  163  11:54  Nexus  
  163  11:57  Pylon  
  163  11:59  Pylon  
  163  12:02  Assimilator  
  163  12:06  Assimilator  
  163  12:15  Void Ray  
  167  12:28  High Templar  
  167  12:29  High Templar x5  
  179  12:33  Archon x3  
  151  12:54  Void Ray  
  151  12:58  Void Ray  
  159  13:00  Probe  
  159  13:01  Probe x2  
  162  13:19  Zealot x6  
  174  14:04  Zealot x6  
  113  14:55  Zealot x6  
Tags
 
Add a new tag
Caveats
  • Supply blocks, unpowered buildings, or Contaminate may cause inaccurate times.
  • Supply counts are checked every 10 seconds.